 Dungeon Crawl Stone Soup version 0.30-a0-721-ga6a225cb13 (webtiles) character file.

Game seed: 12748074083053043082

9 M4edhros the Vexing (level 2, -2/18 HPs)
             Began as an Octopode Hexslinger on Jan 27, 2023.
             Slain by a quokka (5 damage)
             ... on level 2 of the Dungeon.
             The game lasted 00:00:33 (382 turns).

M4edhros the Vexing (Octopode Hexslinger)            Turns: 382, Time: 00:00:34

Health: -2/18      AC:  1    Str:  9    XL:     2   Next: 16%
Magic:  3/3        EV: 13    Int: 15    God:
Gold:   43         SH:  0    Dex: 12    Spells: 2/3 levels left

rFire   . . .      SeeInvis .    a - +1 sling
rCold   . . .      Faith    .    (no shield)
rNeg    . . .      Spirit   .    (helmet restricted)
rPois   .          Reflect  .    (no amulet)
rElec   .          Harm     .    (no ring)
rCorr   .          Rampage  .    (no ring)
Will    .....                    (no ring)
Stlth   ++                       (no ring)
HPRegen 0.23/turn                (no ring)
MPRegen 0.08/turn                (no ring)
                                 (no ring)
                                 (no ring)

@: no status effects
A: almost no armour, amphibious, 8 rings, camouflage 1, gelatinous body 1,
(nimble swimmer 1), tentacles
a: no special abilities


You were on level 2 of the Dungeon.
You visited 1 branch of the dungeon, and saw 3 of its levels.

You collected 43 gold pieces.

Inventory:

Hand Weapons
 a - a +1 sling (weapon)
Missiles
 f - 2 throwing nets
Wands
 h - a wand of flame (13)
Scrolls
 b - a scroll of poison
 c - 2 scrolls of teleportation {unknown}
 e - a scroll of identify {unknown}
Potions
 d - 2 potions of berserk rage {unknown}
 g - 2 potions of ambrosia {unknown}


   Skills:
 - Level 1.0 Fighting
 + Level 2.8 Ranged Weapons
 - Level 2.0 Dodging
 - Level 1.0 Spellcasting
 - Level 3.0 Hexes


You had 2 spell levels left.
You knew the following spells:

 Your Spells              Type           Power      Damage    Failure   Level
a - Slow                  Hex            36%        N/A       7%          1

Your spell library contained the following spells:

 Spells                   Type           Power      Damage    Failure   Level
 Inner Flame              Hex/Fire       5%         N/A       36%         3
 Portal Projectile        Hex/Tloc       10%        N/A       36%         3
 Cause Fear               Hex            4%         N/A       56%         4


Dungeon Overview and Level Annotations

Branches:
Dungeon (3/15)

Altars:

Annotations:
D:3 Natasha


Innate Abilities, Weirdness & Mutations

You cannot wear most types of armour.
You are amphibious.
You can wear up to eight rings at the same time.
Your skin changes colour to match your surroundings (Stealth+).
Your rubbery body absorbs attacks. (AC +1, EV +1)
((You are camouflaged when in or above water. (Stealth+)))
You have tentacles for arms and can constrict up to eight enemies at once.


Message History

You shoot a sling bullet.
The sling bullet hits the quokka but does no damage.
The quokka is heavily wounded.
The quokka misses you.
You shoot a sling bullet.
The sling bullet barely misses the quokka.
The quokka bites you. The quokka misses you.
A quokka is nearby!
A quokka is nearby!
A quokka is nearby!
You are too injured to fight recklessly!
A quokka is nearby!
You are too injured to fight recklessly!
Fire: a) +1 sling
Press: ? - help, Q - select action, (/) - cycle Shift-Dir - straight line, f/p - quokka
Aim: a quokka (heavily wounded, 43% to hit)
You shoot a sling bullet.
The sling bullet closely misses the quokka.
The quokka bites you. x2
Fire: a) +1 sling
Press: ? - help, Q - select action, (/) - cycle Shift-Dir - straight line, f/p - quokka
Aim: a quokka (heavily wounded, 43% to hit)
You shoot a sling bullet.
The sling bullet closely misses the quokka.
The quokka completely misses you.
Fire: a) +1 sling
Press: ? - help, Q - select action, (/) - cycle Shift-Dir - straight line, f/p - quokka
Aim: a quokka (heavily wounded, 43% to hit)
You shoot a sling bullet.
The sling bullet barely misses the quokka.
The quokka bites you.
* * * LOW HITPOINT WARNING * * *
Fire: a) +1 sling
Press: ? - help, Q - select action, (/) - cycle Shift-Dir - straight line, f/p - quokka
Aim: a quokka (heavily wounded, 43% to hit)
You shoot a sling bullet.
The sling bullet barely misses the quokka.
The quokka bites you but does no damage.
The quokka bites you.
You die...

#..# #.# ##..# # ######.#
#...####.#
######......### #..##...
..............# ##..##.#
#.##.#.#.####.# #......#
#.##.#.#.# #.# #......#
#.##.#.#.####.####
#......#
###r##..............
#......#
#..@.....#.####.####
#......## #.#.##.#.#.#
#.####
.....##...#.#....##.#.#.#
#....#
######......##.#.##.#.#.#
#.##.#
............##.#.##.#.#.#
#....#
######.....###.#.##.#>#.#
#.....
##..)..............#
###..#
##.#####.######)#.####
#..# #.# #.##....###...#
#..#


You could see a quokka.

Vanquished Creatures
  3 endoplasms (D:2)
  A goblin (D:1)
  A hobgoblin (D:2)
  2 ball pythons
  A rat (D:2)
8 creatures vanquished.

Notes
Turn   | Place    | Note
-------+----------+-------------------------------------------
     0 | D:1      | M4edhros the Octopode Hexslinger began the quest for the
                  | Orb.
     0 | D:1      | Reached XP level 1. HP: 13/13 MP: 2/2
   150 | D:3      | Noticed Natasha
   156 | D:3      | Noticed a crimson imp
   309 | D:2      | Reached XP level 2. HP: 18/18 MP: 3/3
   382 | D:2      | Slain by a quokka

Illustrated notes

Levels and vault maps discovered:
D:1:      lemuel_arrival_tunnels, layout_basic, serial_shops, shop,
          minmay_tiny_reverse_x
D:2:      layout_loops_ring
D:3:      layout_basic, demons_altar, uniq_natasha

Action                     || total
---------------------------++-------
   Fire: Sling             ||    31
 Armour: Skin              ||     1
  Dodge: Dodged            ||     8

Table legend: (Time is in decaauts)
 A = Elapsed time spent in this place.
 B = Non-inter-level travel time spent in this place.
 C = Inter-level travel time spent in this place.
 D = Time resting spent in this place.
 E = Time spent auto-exploring this place.
 F = Levels seen in this place.
 G = Mean time per level.
                   A        B        C        D        E       F      G
               +--------+--------+--------+--------+--------+-----+--------+
         Total |    387 |    355 |     32 |      0 |    275 |   3 |  129.0 |
       Dungeon |    387 |    355 |     32 |      0 |    275 |   3 |  129.0 |
               +--------+--------+--------+--------+--------+-----+--------+

Top non-repeatable levels by time:
     D:2: 327 daAuts
     D:1: 48 daAuts
     D:3: 12 daAuts
